Cogmind - Beta 13 @@@ ROGUE MODE // 2024.06.09 @ 21:46:55 Player: Minty Result: Destroyed by C-17 Slicer with Blade Saw Performance ------------- Evolutions (2) 1000 Regions Visited (5) 1000 Robots Destroyed (65) 325 Value Destroyed (1991) 1991 Prototype IDs (6) 120 Alien Tech Used (0) 0 Bonus (395) 395 TOTAL SCORE: 4831 Bonus ------- High Alert Combat Kills 117 Follower Combat Kills 105 Entered Garrisons 200 Friendly Fire -27 Cogmind --------- Core Integrity 0/550 Matter 300/300 Energy 25/100 System Corruption 3% Temperature Warning (334) Movement Core (50) Location -8/Garrison Parts ------- > --- POWER (1) -------- (None) > --- PROPULSION (3) --- (None) > --- UTILITY (4) ------ (None) > --- WEAPON (3) ------- (None) > --- INVENTORY (5) ---- Lightning Gun Lightning Gun Improved Medium Laser Remote Datajack Peak State ------------ > --- POWER ------------ Light Nuclear Core > --- PROPULSION ------- Light Treads Aluminum Leg Aluminum Leg > --- UTILITY ---------- Hardened Heavy Armor Plating Hardened Heavy Armor Plating > --- WEAPON ----------- Gauss Cannon Gauss Cannon Gauss Cannon > --- INVENTORY -------- Lightning Gun Lightning Gun Lightning Gun Improved Medium Laser Remote Datajack [Rating: 35] Favorites ----------- Power Heavy Ion Engine Engine Heavy Ion Engine Power Core Light Nuclear Core Propulsion Aluminum Leg Treads Light Treads Leg Aluminum Leg Wheel Wheel Utility Small Storage Unit Device Heat Sink Storage Small Storage Unit Processor Visual Processing Unit Protection Hardened Heavy Armor Plating Weapon Gauss Cannon Energy Gun Improved EM Shotgun Ballistic Gun Light Assault Rifle Ballistic Cannon Gauss Cannon Launcher Grenade Launcher Build | -11 -10 -9 -9 -8 -8 ------- Run | Yrd Mat Mat Min Mat Gar Slots Evolved 4 | . . 2 . 2 . Power . | . . . . . . Propulsion 1 | . . . . 1 . Utility 2 | . . 1 . 1 . Weapon 1 | . . 1 . . . Parts Attached 67 | . 7 26 1 16 17 Power 5 | . 1 2 . 1 1 Engine 4 | . 1 2 . 1 . Core 1 | . . . . . 1 Reactor . | . . . . . . Propulsion 20 | . 1 8 1 6 4 Treads 4 | . . . . 3 1 Leg 8 | . 1 3 . 1 3 Wheel 8 | . . 5 1 2 . Hover . | . . . . . . Flight . | . . . . . . Utility 15 | . . 5 . 6 4 Device 9 | . . 3 . 6 . Storage 2 | . . . . . 2 Processor 1 | . . 1 . . . Hackware . | . . . . . . Protection 3 | . . 1 . . 2 Artifact . | . . . . . . Weapon 27 | . 5 11 . 3 8 Energy Gun 20 | . 4 8 . 3 5 Energy Cannon . | . . . . . . Ballistic Gun . | . . . . . . Ballistic Cannon 4 | . . 1 . . 3 Launcher 3 | . 1 2 . . . Special Weapon . | . . . . . . Impact Weapon . | . . . . . . Slashing Weapon . | . . . . . . Piercing Weapon . | . . . . . . Special Melee Weapon . | . . . . . . Unidentified Prototypes 2 | . . 2 . . . Corrupted Parts 1 | . . . . 1 . System Corruption 2 | . . . . 2 . Parts Lost 34 | . . 11 2 14 7 Power 2 | . . 1 . . 1 Propulsion 14 | . . 3 1 7 3 Utility 9 | . . 3 . 4 2 Weapon 9 | . . 4 1 3 1 Highest Loss Streak 12 | . . 8 2 12 7 To Critical Strikes . | . . . . . . Average Slot Usage (%) 82 | . 85 87 95 88 71 Engine 7 | . 14 10 11 8 . Core 2 | . . . . . 6 Treads 2 | . . . . 14 2 Leg 15 | . 28 14 . . 19 Wheel 3 | . . 4 20 6 . Device 7 | . . 13 11 20 . Storage 9 | . 14 11 11 9 4 Processor 1 | . . . 11 5 . Protection 5 | . . 4 . . 12 Energy Gun 16 | . 14 27 31 23 1 Ballistic Gun 1 | . 11 . . . . Ballistic Cannon 8 | . . . . . 23 Naked Turns 9 | . . . . 1 8 Heaviest Build 66 | 13 14 31 22 25 66 Greatest Support 60 | 20 20 23 26 60 30 Greatest Overweight (x) 6 | . . 2 1 1 6 Average Overweight (x) . | . . . . . 1 Largest Inventory Capacity 8 | 8 8 8 8 8 5 Average Capacity 7 | 8 8 8 8 7 5 Most Carried 8 | 6 8 8 8 8 5 Average Carried 6 | 6 7 7 7 7 4 Final Capacity 8 | 8 8 8 8 5 5 Final Carried 8 | 6 8 8 7 5 4 Class Distribution -------------------- 47% | Tank 30% | Mutant 11% | Gunner 10% | Skirmisher Dominant Class ---------------- Mutant | -10/Materials Tank | -9/Materials Skirmisher | -9/Mines Skirmisher | -8/Materials Tank | -8/Garrison Resources | -11 -10 -9 -9 -8 -8 ----------- Run | Yrd Mat Mat Min Mat Gar Matter Collected 1310 | 200 95 374 3 141 497 Remotely . | . . . . . . Salvage Created 2283 | . 272 1031 105 699 176 Parts 112 | . 21 56 10 18 7 Haulers Intercepted 5 | . 1 4 . . . Recyclers Shooed . | . . . . . . Parts Field Recycled . | . . . . . . Retrieved Matter . | . . . . . . Parts Self-Destructed . | . . . . . . Prevented . | . . . . . . Kills | -11 -10 -9 -9 -8 -8 ------- Run | Yrd Mat Mat Min Mat Gar Combat Hostiles Destroyed 49 | . 7 20 4 13 5 Guns 31 | . 4 13 4 9 1 Cannons 4 | . . . . . 4 AOE 9 | . 2 7 . . . Classes Destroyed 11 | . 5 4 . 2 . Worker 3 | . 1 1 1 . . Builder 1 | . . 1 . . . Tunneler 3 | . 1 . 1 1 . Hauler 5 | . 1 4 . . . Recycler 1 | . . 1 . . . Watcher 3 | . . 3 . . . Swarmer 15 | . 3 7 4 . 1 Grunt 22 | . 4 7 . 9 2 Sentry 8 | . . 6 . 1 1 Specialist 2 | . . . . 2 . Hunter 2 | . . . . 1 1 Best Kill Streak 7 | . 3 6 4 7 2 Combat Bots Only 6 | . 3 6 4 6 2 Max Kills in Single Turn 2 | . 1 2 2 2 1 Gunslinging 1 | . . . . 1 . Exploded 2 | . 1 2 . . . Melee . | . . . . . . Uniques/NPCs Destroyed . | . . . . . . Combat | -11 -10 -9 -9 -8 -8 -------- Run | Yrd Mat Mat Min Mat Gar Hostile Shots Fired 463 | . 39 138 13 163 110 Missed 102 | . 11 28 2 46 15 Damage Taken 4344 | . 284 1281 87 1643 1049 Core 938 | . 11 355 21 432 119 Absorbed by Shields 172 | . . 172 . . . Core Remaining (%) 67 | 100 95 . 6 . . Volleys Fired 186 | . 35 71 11 44 25 Largest 3 | . 2 3 3 3 3 Hottest 168 | . 100 150 130 168 144 Shots Fired 395 | . 63 142 20 115 55 Gun 337 | . 60 130 20 115 12 Cannon 52 | . . 9 . . 43 Launcher 6 | . 3 3 . . . Special . | . . . . . . Kinetic 80 | . 28 9 . . 43 Thermal 188 | . 28 62 . 92 6 Explosive 6 | . 3 3 . . . Electromagnetic 121 | . 4 68 20 23 6 Robot Hit Streak 18 | . 10 18 2 12 8 Robot Miss Streak 9 | . 4 5 6 5 9 Penetration Max . | . . . . . . Secondary Targets 7 | . 1 2 . 4 . Max Gunslinging Chain 1 | . 1 1 . 1 . Shots Hit Robots 222 | . 38 86 5 79 14 Core Hits 103 | . 12 47 6 28 10 Critical Kills . | . . . . . . Critical Parts Destroyed . | . . . . . . Critical Strikes 18 | . 1 3 . 8 6 Burn 14 | . 1 2 . 8 3 Blast 3 | . . . . . 3 Corrupt 1 | . . 1 . . . Melee Attacks . | . . . . . . Impact . | . . . . . . Slashing . | . . . . . . Piercing . | . . . . . . Sneak Attacks . | . . . . . . Combat Hostiles . | . . . . . . Follow-up Attacks . | . . . . . . Damage Inflicted 4518 | . 609 1868 118 1469 454 Guns 3236 | . 405 1147 77 1428 179 Cannons 352 | . . 78 . . 274 Explosions 890 | . 202 626 26 36 . Melee . | . . . . . . Ramming 40 | . 2 17 15 5 1 Kinetic 504 | . 152 78 . . 274 Thermal 2290 | . 214 798 26 1154 98 Explosive 527 | . 202 325 . . . Electromagnetic 1157 | . 39 650 77 310 81 Impact . | . . . . . . Slashing . | . . . . . . Piercing . | . . . . . . Highest Corruption 5 | . . 5 5 2 3 Average Corruption 3 | . . 3 5 2 3 Corruption Purged . | . . . . . . Corruption Blocked . | . . . . . . Effects 44 | . . 17 4 4 19 Message Errors 9 | . . 2 1 1 5 Matter Fused 17 | . . 9 1 1 6 Heat Flow Errors 5 | . . 3 . 1 1 Energy Discharges 4 | . . 1 1 . 2 Parts Fused 1 | . . 1 . . . Data Loss (minor) 2 | . . . . . 2 Misfires 3 | . . . 1 . 2 Weapon Failures 3 | . . 1 . 1 1 Overload Shots . | . . . . . . Overflow Damage 49 | . 38 11 . . . Projectiles . | . . . . . . Explosions 49 | . 38 11 . . . Melee . | . . . . . . Knockbacks 3 | . . 1 1 . 1 Impact 1 | . . . 1 . . Kinetic 2 | . . 1 . . 1 Secondary . | . . . . . . Self-Inflicted Damage 149 | . . 140 7 2 . Shots 4 | . . 4 . . . Rammed 5 | . . . 1 3 1 Targets Rammed 13 | . 1 7 1 3 1 Kicked 8 | . 1 7 . . . Crushed . | . . . . . . Highest Temperature 466 | . 182 422 33 377 466 Average Temperature 131 | . 65 113 14 111 166 Received Heat Transfer 1108 | . 132 346 . 531 99 Effects 18 | . . 4 . 2 12 Shutdowns 4 | . . 1 . 1 2 Energy Bleed 1 | . . . . . 1 Interference 10 | . . 3 . . 7 Matter Decay 1 | . . . . . 1 Short Circuit 1 | . . . . 1 . Damage (minor) 1 | . . . . . 1 Siege Activations . | . . . . . . Robots Corrupted 1 | . . . . 1 . Combat Hostiles 1 | . . . . 1 . Parts Fried . | . . . . . . Impact Corruptions . | . . . . . . Robots Melted 4 | . 1 . . 3 . Combat Hostiles 4 | . 1 . . 3 . Parts Melted 17 | . . 4 . 11 2 Heat Transferred 6122 | . 703 1841 50 3084 444 Parts Sabotaged . | . . . . . . Parts Stolen . | . . . . . . Parts Stripped . | . . . . . . Power Chain Reactions 4 | . . 2 1 1 . Alert | -11 -10 -9 -9 -8 -8 ------- Run | Yrd Mat Mat Min Mat Gar Peak Influence 498 | . 198 498 279 490 467 Initial 243 | . . 10 172 108 243 Average 273 | . 83 291 201 282 347 Maximum Alert Level 2 | . . 2 1 2 2 Low Security (%) 32 | 100 100 32 65 27 . Level 1 55 | . . 50 34 53 90 Level 2 11 | . . 17 . 19 9 Level 3 . | . . . . . . Level 4 . | . . . . . . Level 5 . | . . . . . . High Security . | . . . . . . Max Security . | . . . . . . Squads Dispatched 14 | . 3 5 . 6 . Investigation 9 | . 3 4 . 2 . Extermination . | . . . . . . Reinforcement 3 | . . 1 . 2 . Assault . | . . . . . . Garrison 2 | . . . . 2 . Intercept . | . . . . . . Searches Triggered . | . . . . . . Construction Impeded 2 | . . 1 . 1 . Haulers Reinforced . | . . . . . . Active Scanning Responses . | . . . . . . Cargo Convoy Interrupts . | . . . . . . Stealth | -11 -10 -9 -9 -8 -8 --------- Run | Yrd Mat Mat Min Mat Gar Distress Signals 5 | . 1 3 . 1 . Communications Jammed . | . . . . . . Distress Signals . | . . . . . . Times Spotted 82 | . 11 24 4 28 15 Peak Tracking Total 12 | . 4 8 4 9 12 Tactical Retreats 1 | . . . . 1 . Traps | -11 -10 -9 -9 -8 -8 ------- Run | Yrd Mat Mat Min Mat Gar Traps Triggered 6 | . 1 4 . 1 . Indirectly . | . . . . . . Trap Hack Attempts . | . . . . . . Triggered . | . . . . . . Disarmed . | . . . . . . Reprogrammed . | . . . . . . Reused . | . . . . . . Traps Extracted . | . . . . . . Installed . | . . . . . . Triggered 1 | . 1 . . . . Objects Rigged 3 | . . 3 . . . Exploded 1 | . . 1 . . . Machines | -11 -10 -9 -9 -8 -8 ---------- Run | Yrd Mat Mat Min Mat Gar Machines Disabled 7 | . . 3 1 1 2 Max in Single Turn 3 | . . 3 1 1 1 Garrison Relay 1 | . . . . . 1 Machines Repaired . | . . . . . . Machines Dismantled . | . . . . . . Machines Sabotaged . | . . . . . . Overloaded Fab Kills . | . . . . . . Hacking | -11 -10 -9 -9 -8 -8 --------- Run | Yrd Mat Mat Min Mat Gar Machines Accessed 13 | . 5 4 . 3 1 Terminals 11 | . 5 4 . 1 1 Fabricators . | . . . . . . Repair Stations . | . . . . . . Recycling Units 1 | . . . . 1 . Scanalyzers . | . . . . . . Garrison Access 1 | . . . . 1 . Total Hacks 44 | . 18 12 . 12 2 Successful 18 | . 9 6 . 2 1 Failed 26 | . 9 6 . 10 1 Catastrophic 4 | . . 1 . 2 1 Database Lockouts . | . . . . . . Manual 19 | . 10 7 . 2 . Terminals 34 | . 18 12 . 2 2 Fabricators . | . . . . . . Repair Stations . | . . . . . . Recycling Units 5 | . . . . 5 . Scanalyzers . | . . . . . . Garrison Access 5 | . . . . 5 . Terminal Hacks 10 | . 5 4 . . 1 Prototype ID Bank 3 | . 1 2 . . . Unreport Threat 2 | . 2 . . . . Security Status 1 | . . 1 . . . Recall Investigation 1 | . 1 . . . . Zone Layout 2 | . 1 1 . . . Garrison Registry 1 | . . . . . 1 Fabricator Hacks . | . . . . . . Repair Station Hacks . | . . . . . . Recycling Unit Hacks 1 | . . . . 1 . Retrieve Components 1 | . . . . 1 . Scanalyzer . | . . . . . . Garrison Access Hacks 1 | . . . . 1 . Unlock Access 1 | . . . . 1 . Unauthorized Hacks 6 | . 4 2 . . . Terminals 6 | . 4 2 . . . Track 1 | . 1 . . . . Botnet 3 | . 2 1 . . . Detonate 2 | . 1 1 . . . Fabricators . | . . . . . . Repair Stations . | . . . . . . Recycling Units . | . . . . . . Scanalyzers . | . . . . . . Garrison Access . | . . . . . . Data Cores Recovered . | . . . . . . Used . | . . . . . . Hacking Detections 13 | . 5 4 . 3 1 Full Trace Events 8 | . 3 3 . 2 . Feedback Events . | . . . . . . Feedback Blocked . | . . . . . . Robot Schematics Acquired . | . . . . . . Robots Built . | . . . . . . Authchips . | . . . . . . Time . | . . . . . . Total Robot Build Rating . | . . . . . . Part Schematics Acquired . | . . . . . . Parts Built . | . . . . . . Authchips . | . . . . . . Time . | . . . . . . Total Part Build Rating . | . . . . . . Parts Repaired . | . . . . . . Time . | . . . . . . Parts Recycled . | . . . . . . Recycled Matter . | . . . . . . Retrieved Matter . | . . . . . . Retrieved Components 3 | . . . . 3 . Parts Scanalyzed . | . . . . . . Part Schematics Acquired . | . . . . . . Parts Damaged . | . . . . . . Bothacking | -11 -10 -9 -9 -8 -8 ------------ Run | Yrd Mat Mat Min Mat Gar Used RIF Installer . | . . . . . . Robots Hacked . | . . . . . . Non-combat . | . . . . . . Combat . | . . . . . . Robot Hacks Applied . | . . . . . . Relay Couplers Released 4 | . . . . . 4 Machine Destruction 4 | . . . . . 4 Fabnet Peak Effective % . | . . . . . . Robots Rewired . | . . . . . . Allies Hacked . | . . . . . . Hacks Repelled . | . . . . . . Allies | -11 -10 -9 -9 -8 -8 -------- Run | Yrd Mat Mat Min Mat Gar Total Allies 3 | . . . 3 . . Largest Group 3 | . . . 3 3 . Highest-Rated Group 40 | . . . 40 40 . Highest-Rated Ally 16 | . . . 16 16 . Total Orders . | . . . . . . Ally Attacks 18 | . . . . 18 . Total Damage 246 | . . . . 246 . Kills 3 | . . . . 3 . Allies Corrupted . | . . . . . . Allies Melted . | . . . . . . Intel | -11 -10 -9 -9 -8 -8 ------- Run | Yrd Mat Mat Min Mat Gar Robot Analysis Total . | . . . . . . Derelict Logs Recovered . | . . . . . . Drone Launches . | . . . . . . Drone Recoveries . | . . . . . . Exploration | -11 -10 -9 -9 -8 -8 ------------- Run | Yrd Mat Mat Min Mat Gar Turns Passed 2298 | 4 337 787 105 312 753 Spaces Moved 1015 | 4 192 358 72 110 279 Core 44 | . . 2 . 5 37 Treads 78 | . . . . 37 41 Legs 647 | 4 192 249 . 1 201 Wheels 246 | . . 107 72 67 . Hover . | . . . . . . Flight . | . . . . . . Fastest Speed 50 | 120 120 95 90 50 50 Average Speed 156 | 120 120 146 94 116 226 Slowest Speed 540 | 120 120 260 95 240 540 Overloaded Moves . | . . . . . . Propulsion Burnouts . | . . . . . . Robots Hopped . | . . . . . . Cave-ins Triggered . | . . . . . . Exploration Rate (%) 25 | 2 49 37 25 17 25 Regions Visited 5 Branch Regions 1 Pre-discovered Areas 1 | . . . 1 . . Known Exits Taken 1 | . . . . 1 . Unknown Exits Taken 4 | 1 1 1 1 . . Scrap Searched . | . . . . . . Spaces Dug . | . . . . . . Terrain Destroyed 109 | . 8 76 13 12 . Melee . | . . . . . . Projectile . | . . . . . . AOE 109 | . 8 76 13 12 . Terrain Rammed . | . . . . . . Walls Destroyed . | . . . . . . Machines Disabled . | . . . . . . Actions | -11 -10 -9 -9 -8 -8 --------- Run | Yrd Mat Mat Min Mat Gar Total 1378 | 3 239 493 91 203 349 Wait 38 | . . 11 7 6 14 Move 1011 | 3 191 357 71 110 279 Hop . | . . . . . . Pick Up 22 | . 2 7 . 10 3 Fast Attach 36 | . 1 17 . 5 13 Attach 14 | . . 5 1 5 3 Detach 7 | . . 3 . 4 . Swap 17 | . 6 4 . 6 1 Drop 34 | . 3 11 . 10 10 Fire 186 | . 35 71 11 44 25 Melee . | . . . . . . Ram 5 | . . . 1 3 1 Kick 8 | . 1 7 . . . Crush . | . . . . . . Escape Stasis . | . . . . . . Rewire . | . . . . . . Trap . | . . . . . . Miscellaneous . | . . . . . . Route ------- -11/Scrapyard -10/Materials -9/Materials (discovered 2 exits: [*Min x2]) -9/Mines -8/Materials -8/Garrison (discovered 4 exits: [Mat x4]) History --------- Turn | Location | Event 1 | -11/Scrapyard | Discovered new exit (range 1) 5 | -11/Scrapyard | Entered Materials 278 | -10/Materials | Discovered new exit (range 15) 319 | -10/Materials | Build established: Mutant 342 | -10/Materials | Entered another Materials area 342 | -9/Materials | Evolved 2 slots: Utility x1, Weapon x1 535 | -9/Materials | Discovered new exit (range 8) 691 | -9/Materials | Core integrity fell below 50% 705 | -9/Materials | Core integrity fell below 20% 727 | -9/Materials | Lost 8 parts (1p2n2u3w) 1092 | -9/Materials | Discovered new exit (range 4) 1129 | -9/Materials | Entered Mines 1130 | -9/Mines | Learned location of Storage (-8) 1201 | -9/Mines | Discovered new exit (range 13) 1229 | -9/Mines | Assisted by bots powering up and referring to "LRC-V3" 1234 | -9/Mines | Entered Materials 1234 | -8/Materials | Accompanied by 3 allies 1234 | -8/Materials | Evolved 2 slots: Propulsion x1, Utility x1 1430 | -8/Materials | Garrison activated, responded to threat 1543 | -8/Materials | Core integrity fell below 50% 1546 | -8/Materials | Identified exit to Garrison 1546 | -8/Materials | Entered Garrison 1576 | -8/Garrison | Lost 12 parts (6n4u2w) 1718 | -8/Garrison | Triggered checkpoint 1722 | -8/Garrison | Core integrity fell below 20% 1893 | -8/Garrison | Garrison Relay disabled 1953 | -8/Garrison | Build established: Tank 2116 | -8/Garrison | Discovered new exit (range 84) 2116 | -8/Garrison | Discovered new exit (range 45) 2116 | -8/Garrison | Discovered new exit (range 45) 2116 | -8/Garrison | Discovered new exit (range 59) 2268 | -8/Garrison | Triggered checkpoint 2276 | -8/Garrison | Triggered checkpoint 2299 | -8/Garrison | Destroyed by C-17 Slicer with Blade Saw Last Messages --------------- 02276_ Beams of light sweep through the air. An alarm sounds. 02277_ Acquired 1 matter. 02279_ Power failure, Lgt. Nuclear Core shutdown. 02279_ C-30 ARC knocked back. 02279_ Dropped Gauss Cannon. 02279_ C-30 ARC knocked back. 02280_ Overheating: Energy bleed (-21). 02280_ Dropped Gauss Cannon. 02281_ C-30 ARC bursts open, deploying its payload. 02281_ S-10 Pest unfolds itself. 02283_ Aluminum Leg destroyed. 02289_ Power failure, Lgt. Nuclear Core shutdown. 02290_ Lgt. Nuclear Core destroyed. 02290_ Sml. Matter Pod destroyed. 02293_ Aluminum Leg destroyed. 02295_ Lightning Gun destroyed. 02295_ Slammed into C-17 Slicer. 02296_ S-10 Pest destroyed. 02299_ Dropped Hrd. Heavy Armor Plating. 02299_ Sml. Matter Pod destroyed. Map ----- +----------------------------------------------------+ | ????????????????????????????????# #?######## #???? | | ????????????????????????????????# #????????# #???? | | ????????????????????????######### #????????# #???? | | ????????????????????????# + #????????# ##### | | ?????????############???# ##! ## #????????# ## | | ?????????#""""""""""#???# ####### ##########+## | | ?????????#"""!!!!"""#???# + [[ + + | | ?????????#"" ""#???# ##] ## ##### | | #?######?#"! !"#???# ####### #???# ###+##### | | #?# #?#"! !"#???# + #???# #?# #???? | | #?# < #?#"! !"#???# ## ## #???# #?# #???? | | #?# #?#"! !"#???# ####### #?### #?# #???? | | #?### #?#"! !"#???# #?????# ### # ### #???? | | #???# #?#"! !"#???# #?????# + #???? | | #???# #?#"" ""#???# #?????#+##### ######### | | #???# #?#### ######???# #?????# #???# #????#""# | | ##### #????# #????????# #?????# #???# #????#T # | | ######++######???# #?????# #???# #????#" # | | ##### #???# #######+##### ####### # | | #???# #???# ## | | #???#+######+##### #???# + | | ##### #????# #???# #???#;## ######### ######### | | + #????# #???# #???# ## #???????# #?????# | | #######????# #???# #???#!## #???????# #?????# | | #??????????# #???# #???#c## #???????# #?????### | | #??????????# #???# #####@## #???????# #???????? | | #??????????# #???# ## !Cc## #???????# #?????### | | ###????????# #??## ## %]## ##??????# #?????#!! | | #"#????????# #### C *^^ ######## #?????#! | | "#????????# + ^^ #######! | | "#????????###### ^^ + + | | "#?????????????# ## s ## #################!! | | #"#???????????### ## ## ###?????????????### | | ###???????????# " " #???????????????? | | ??????????????# " " #???????????????? | | ??????????????# " " #???????????????? | | ??????????????# " sss " #???????????????? | | ??####????????### ##s = ## ###???????????????? | | ??# #?########## ##s % ## ##########????????? | | ??##"### + ########## | | ??#T + % + | | ??# ## ####### ####+## ########## | | ??# ## #?????# ##""""## ##??# ## #????????? | | ??###### #?????# ## ## #???# ## #????????? | | ???????# #?????# ##+##### #???# ## #????????# | | ???????# ####### ## #???# ##### ## #????????# | | ???????# + + #???# + ## ########## | | ???????# ####### ####???# ##### +^^+ + | | ???????# #?????# #??????# #???#### ##### #### | | ########++####### #??????# ######## #???# #??? | +----------------------------------------------------+ Best States ------------- Heat Dissipation 73 Energy Generation 14 Energy Capacity 280 Matter Stores 388 Matter Capacity 400 Sight Range 18 Terrain Scan Density 10 Armor Coverage 1200 Evasion (%) 55 Recoil Reduction 3 Item Schematics ----------------- None Robot Schematics ------------------ None Fabricated ------------ Nothing Alien Tech Used ----------------- None Achievements -------------- None Challenges ------------ None Game ------ Seed BeamSurgeMembrane Manual? 0 Play Time 00:16:48 Cumulative 756.7 hours Start 2024.06.09 @ 21:31:45 End 2024.06.09 @ 21:46:55 Sessions 1 Manual Loads 0 Difficulty Rogue Special Mode None Game No. 842 Rogue 566 Adventurer 123 Explorer 153 Win Type - Total 28 Types 22/0/4/1/0/0/0/1/0 Lore% 84 Gallery% 92 Achievement% 76 Wizard Run 0 Options --------- Layout 0 ASCII 0 Keyboard 1 Movement Numpad Keybinds 0 Fullscreen 2 Font 18/Terminus Map View 76x50 Zoom Use 2% Tactical HUD 1 Map Filters NONE Filters SHIFT_HUE(360) Steam 1 RUN: 0b446849-f562-4ba7-bf22-9198dbe1ecb0